General information
- name: BNet
- type: Ladder team game (AT/RT)
- host: Battle.net
- saver: omgwtfbbq2
map: SilverpineForest
- players: 6
- length: 23:48
- speed: Fast
- version: 1.26 W3XP
- replay type: Public
» download(155 KB)
Players
team 1 (loser)
GY122 (
teal | 105 APM | 2469 actions | 23:24)
4 Death Knight
2 Death Coil
2 Unholy Aura
3 Lich
2 Frost Nova
1 Frost Armor
1 Crypt Lord
1 Impale
» actions
| Assign group hotkey | 24 | |
| Basic commands | 288 | |
| Build / train | 66 | |
| Enter build submenu | 26 | |
| Enter hero's abilities submenu | 9 | |
| Give item / drop item | 6 | |
| Right click | 564 | |
| Select / deselect | 635 | |
| Select group hotkey | 731 | |
| Use ability | 120 | |
2469 total
» units
| Acolyte | 10 | |
| Ghoul | 3 | |
| Crypt Fiend | 9 | |
| Obsidian Statue | 5 | |
| Frost Wyrm | 1 | |
28 total
» upgrades
| Creature Attack | 2 | |
| Creature Carapace | 2 | |
| Web | 1 | |
| Burrow | 1 | |
| Destroyer Form | 1 | |
7 total
» buildings
| Graveyard | 2 | |
| Crypt | 1 | |
| Altar of Darkness | 1 | |
| Ziggurat | 10 | |
| Tomb of Relics | 2 | |
| Nerubian Tower | 3 | |
| Halls of the Dead | 2 | |
| Slaughterhouse | 2 | |
| Black Citadel | 3 | |
| Necropolis | 2 | |
| Spirit Tower | 2 | |
| Sacrificial Pit | 1 | |
| Boneyard | 2 | |
33 total
» build order
00:10 Graveyard
00:18 Graveyard
00:19 Crypt
00:45 Altar of Darkness
00:57 Ziggurat
01:23 Tomb of Relics
01:54 Nerubian Tower
02:32 Ziggurat
03:32 Halls of the Dead
04:24 Ziggurat
05:12 Ziggurat
07:52 Slaughterhouse
07:54 Slaughterhouse
11:33 Black Citadel
13:11 Necropolis
13:18 Ziggurat
13:56 Ziggurat
13:58 Necropolis
13:59 Ziggurat
13:59 Ziggurat
14:01 Ziggurat
14:02 Ziggurat
15:05 Halls of the Dead
16:59 Spirit Tower
17:00 Nerubian Tower
17:26 Black Citadel
17:26 Black Citadel
17:53 Tomb of Relics
19:20 Sacrificial Pit
21:02 Boneyard
21:03 Boneyard
22:45 Spirit Tower
» items
| Dust of Appearance | 1 | |
| Rod of Necromancy | 1 | |
| Scroll of Town Portal | 3 | |
| Potion of Healing | 2 | |
| Potion of Lesser Invulnerability | 1 | |
| Orb of Corruption | 1 | |
9 total
e[X]ZippA (
green | 76 APM | 1801 actions | 23:46)
5 Blademaster
3 Wind Walk
2 Critical Strike
3 Shadow Hunter
2 Serpent Ward
1 Hex
» actions
| Assign group hotkey | 24 | |
| Basic commands | 135 | |
| Build / train | 78 | |
| Enter build submenu | 19 | |
| Enter hero's abilities submenu | 8 | |
| Give item / drop item | 1 | |
| Right click | 406 | |
| Select / deselect | 359 | |
| Select group hotkey | 639 | |
| Use ability | 132 | |
1801 total
» units
| Peon | 19 | |
| Grunt | 2 | |
| Troll Witch Doctor | 7 | |
| Spirit Walker | 4 | |
| Tauren | 5 | |
| Shaman | 2 | |
39 total
» upgrades
| Witch Doctor Training | 2 | |
| Spirit Walker Training | 2 | |
| Troll Regeneration | 1 | |
| Pulverize | 1 | |
| Armor | 2 | |
| Burning Oil | 1 | |
| Shaman Training | 2 | |
11 total
» buildings
| Altar of Storms | 1 | |
| Orc Burrow | 7 | |
| Barracks | 1 | |
| Voodoo Lounge | 1 | |
| War Mill | 2 | |
| Stronghold | 1 | |
| Great Hall | 1 | |
| Watch Tower | 1 | |
| Spirit Lodge | 2 | |
| Fortress | 1 | |
| Tauren Totem | 2 | |
20 total
» build order
00:13 Altar of Storms
00:21 Orc Burrow
00:42 Barracks
01:29 Orc Burrow
02:02 Voodoo Lounge
02:35 War Mill
03:14 Stronghold
03:43 Orc Burrow
03:50 Orc Burrow
04:40 Great Hall
05:01 Watch Tower
06:07 Spirit Lodge
06:11 Spirit Lodge
07:41 Fortress
09:05 Orc Burrow
09:42 Orc Burrow
10:12 Tauren Totem
10:43 Tauren Totem
12:39 Orc Burrow
17:42 War Mill
» items
| Healing Salve | 1 | |
| Potion of Healing | 4 | |
| Orb of Lightning | 2 | |
| Scroll of Town Portal | 4 | |
| Scroll of Speed | 1 | |
| Lesser Clarity Potion | 1 | |
| Potion of Mana | 1 | |
14 total
Haldir_oflorien (
orange | 31 APM | 733 actions | 23:30)
5 Blademaster
2 Critical Strike
3 Wind Walk
» actions
| Build / train | 43 | |
| Enter build submenu | 12 | |
| Enter hero's abilities submenu | 6 | |
| Remove unit from queue | 1 | |
| Right click | 437 | |
| Select / deselect | 204 | |
| Use ability | 30 | |
733 total
» units
» upgrades
| Ranged Weapons | 3 | |
| Envenomed Spears | 1 | |
4 total
» buildings
| Altar of Storms | 1 | |
| Orc Burrow | 5 | |
| Barracks | 1 | |
| War Mill | 1 | |
| Stronghold | 1 | |
| Beastiary | 2 | |
| Fortress | 1 | |
12 total
» build order
00:14 Altar of Storms
00:18 Orc Burrow
00:38 Barracks
01:18 War Mill
01:55 Orc Burrow
03:30 Stronghold
09:28 Beastiary
09:33 Beastiary
09:56 Fortress
11:23 Orc Burrow
11:26 Orc Burrow
11:30 Orc Burrow
» items
| Gloves of Haste | 1 | |
| Helm of Valor | 1 | |
| Scroll of Town Portal | 1 | |
3 total
team 2 (winner)

»
ageadgf (
blue | 68 APM | 1608 actions | 23:47)
5 Death Knight
3 Death Coil
2 Unholy Aura
4 Lich
2 Frost Nova
2 Frost Armor
» actions
| Assign group hotkey | 51 | |
| Basic commands | 113 | |
| Build / train | 96 | |
| Enter build submenu | 23 | |
| Enter hero's abilities submenu | 9 | |
| Give item / drop item | 1 | |
| Remove unit from queue | 6 | |
| Right click | 303 | |
| Select / deselect | 290 | |
| Select group hotkey | 630 | |
| Use ability | 86 | |
1608 total
» units
| Acolyte | 11 | |
| Ghoul | 5 | |
| Crypt Fiend | 31 | |
| Obsidian Statue | 4 | |
| Frost Wyrm | 8 | |
59 total
» upgrades
| Web | 1 | |
| Destroyer Form | 1 | |
| Freezing Breath | 1 | |
| Creature Carapace | 1 | |
| Creature Attack | 1 | |
5 total
» buildings
| Graveyard | 1 | |
| Crypt | 1 | |
| Altar of Darkness | 1 | |
| Ziggurat | 11 | |
| Tomb of Relics | 1 | |
| Nerubian Tower | 2 | |
| Halls of the Dead | 5 | |
| Necropolis | 2 | |
| Sacrificial Pit | 1 | |
| Slaughterhouse | 1 | |
| Spirit Tower | 2 | |
| Black Citadel | 1 | |
| Boneyard | 1 | |
30 total
» build order
00:18 Graveyard
00:21 Crypt
00:44 Altar of Darkness
00:58 Ziggurat
01:33 Tomb of Relics
01:40 Ziggurat
02:21 Nerubian Tower
03:34 Ziggurat
03:59 Halls of the Dead
04:00 Halls of the Dead
04:00 Halls of the Dead
04:00 Halls of the Dead
05:10 Necropolis
07:29 Sacrificial Pit
07:34 Slaughterhouse
07:57 Necropolis
08:07 Ziggurat
10:11 Ziggurat
10:37 Spirit Tower
11:33 Black Citadel
14:19 Ziggurat
14:53 Ziggurat
14:55 Ziggurat
14:56 Ziggurat
15:03 Ziggurat
15:16 Ziggurat
16:47 Nerubian Tower
16:48 Spirit Tower
17:52 Boneyard
» items
| Rod of Necromancy | 1 | |
| Scroll of Town Portal | 2 | |
3 total
omgwtfbbq2 (
pink | 112 APM | 2669 actions | 23:48)
6 Mountain King
3 Storm Bolt
2 Bash
1 Avatar
6 Paladin
3 Holy Light
2 Divine Shield
1 Resurrection
» actions
| Assign group hotkey | 32 | |
| Basic commands | 13 | |
| Build / train | 94 | |
| ESC pressed | 8 | |
| Enter build submenu | 32 | |
| Enter hero's abilities submenu | 12 | |
| Give item / drop item | 3 | |
| Right click | 795 | |
| Select / deselect | 790 | |
| Select group hotkey | 749 | |
| Use ability | 141 | |
2669 total
» units
| Peasant | 16 | |
| Footman | 6 | |
| Mortar Team | 9 | |
| Rifleman | 6 | |
| Siege Engine | 1 | |
| Flying Machine | 5 | |
43 total
» upgrades
| Defend | 1 | |
| Swords | 1 | |
| Gunpowder | 2 | |
| Long Rifles | 1 | |
| Lumber Harvesting | 1 | |
| Fragmentation Shards | 1 | |
| Flare | 1 | |
| Masonry | 1 | |
| Flak Cannons | 2 | |
11 total
» buildings
| Altar of Kings | 1 | |
| Barracks | 1 | |
| Farm | 11 | |
| Town Hall | 3 | |
| Keep | 1 | |
| Arcane Vault | 1 | |
| Scout Tower | 8 | |
| Lumber Mill | 1 | |
| Arcane Tower | 2 | |
| Guard Tower | 2 | |
| Blacksmith | 1 | |
| Workshop | 2 | |
| Castle | 1 | |
35 total
» build order
00:06 Altar of Kings
00:19 Barracks
00:33 Farm
00:49 Farm
01:59 Farm
03:42 Town Hall
03:48 Keep
04:00 Arcane Vault
04:09 Scout Tower
04:27 Lumber Mill
04:35 Arcane Tower
05:06 Scout Tower
05:23 Scout Tower
05:33 Guard Tower
05:34 Farm
05:51 Guard Tower
05:53 Scout Tower
06:01 Blacksmith
06:03 Farm
06:41 Scout Tower
07:09 Arcane Tower
07:19 Workshop
08:50 Castle
08:54 Farm
09:16 Scout Tower
10:24 Farm
10:26 Farm
11:22 Town Hall
13:41 Farm
13:42 Farm
14:05 Scout Tower
14:06 Scout Tower
15:14 Workshop
18:13 Farm
21:53 Town Hall
» items
| Scroll of Regeneration | 6 | |
| Lesser Clarity Potion | 7 | |
| Potion of Healing | 1 | |
| Scroll of Town Portal | 4 | |
| Staff of Sanctuary | 1 | |
19 total

»
niflheim (
purple | 35 APM | 821 actions | 23:47)
6 Shadow Hunter
2 Hex
3 Healing Wave
1 Big Bad Voodoo
» actions
| Build / train | 60 | |
| Enter build submenu | 27 | |
| Enter hero's abilities submenu | 6 | |
| Give item / drop item | 2 | |
| Remove unit from queue | 2 | |
| Right click | 340 | |
| Select / deselect | 311 | |
| Use ability | 73 | |
821 total
» units
| Peon | 13 | |
| Grunt | 8 | |
| Shaman | 7 | |
| Troll Witch Doctor | 7 | |
| Tauren | 4 | |
39 total
» upgrades
| Shaman Training | 2 | |
| Witch Doctor Training | 2 | |
| Reinforced Defenses | 1 | |
5 total
» buildings
| Altar of Storms | 1 | |
| Orc Burrow | 5 | |
| Barracks | 1 | |
| War Mill | 1 | |
| Voodoo Lounge | 1 | |
| Stronghold | 1 | |
| Fortress | 1 | |
| Spirit Lodge | 2 | |
| Tauren Totem | 1 | |
| Watch Tower | 12 | |
| Great Hall | 1 | |
27 total
» build order
00:09 Altar of Storms
00:15 Orc Burrow
00:38 Barracks
01:36 Orc Burrow
02:12 War Mill
02:46 Voodoo Lounge
03:18 Stronghold
03:48 Orc Burrow
06:15 Fortress
06:18 Spirit Lodge
08:44 Orc Burrow
08:47 Tauren Totem
09:28 Spirit Lodge
12:45 Orc Burrow
13:41 Watch Tower
13:51 Watch Tower
14:15 Watch Tower
14:22 Watch Tower
15:02 Watch Tower
15:09 Watch Tower
21:10 Watch Tower
21:22 Great Hall
21:29 Watch Tower
21:33 Watch Tower
21:36 Watch Tower
21:55 Watch Tower
23:00 Watch Tower
» items
| Healing Salve | 1 | |
| Periapt of Vitality | 1 | |
| Potion of Healing | 1 | |
| Orb of Lightning | 1 | |
| Tiny Great Hall | 1 | |
| Scroll of Town Portal | 1 | |
| Orb of Fire | 1 | |
7 total
Chat log
(00:11 / Allies) omgwtfbbq2: har
(00:20 / Allies) niflheim: ?
(00:23 / Allies) omgwtfbbq2: hrrrrr
(00:26 / Allies) omgwtfbbq2: im a pirat
(00:27 / Allies) omgwtfbbq2: e
(00:29 / All) e[X]ZippA: gl hf
(00:30 / Allies) niflheim: good :D
(00:44 / Allies) niflheim: only one eye? :D
(00:53 / Allies) omgwtfbbq2: no but have a parrot
(01:01 / Allies) omgwtfbbq2: he goes like craaaaaaaaaaaagghh
(02:10 / Allies) omgwtfbbq2: jesus
(05:43 / Allies) omgwtfbbq2: its fake
(06:27 / Allies) niflheim: tp?
(06:29 / Allies) niflheim: or?
(08:11 / Allies) niflheim: b
(08:13 / Allies) niflheim: to towers
(09:52 / Allies) niflheim: units
(10:00 / Allies) omgwtfbbq2: have more than u
(10:17 / Allies) omgwtfbbq2: sell
(15:42 / Allies) omgwtfbbq2: sec
(15:43 / Allies) omgwtfbbq2: ill tp
(17:29 / Allies) omgwtfbbq2: u r quite shit
(17:45 / Allies) niflheim: need wyrms
(19:35 / Allies) omgwtfbbq2: they inc
(19:42 / Allies) niflheim: meet?
(22:07 / Allies) omgwtfbbq2: dk
(23:24 / All) e[X]ZippA: gg my freind big noooooobs